 Dungeon Crawl Stone Soup version 0.23.0 (webtiles) character file.

Game seed: 15431046272444357053

35 tatocazan the Vexing (level 3, -3/15 HPs)
             Began as a Felid Enchanter on Feb 16, 2019.
             Killed by divine providence
             ... invoked by an orc priest
              (13 damage)
             ... on level 3 of the Dungeon.
             The game lasted 00:09:46 (3686 turns).

tatocazan the Vexing (Felid Enchanter)              Turns: 3686, Time: 00:09:46

Health: -3/15      AC:  1    Str:  9    XL:     3   Next: 17%
Magic:  5/7        EV: 18    Int: 17    God:
Gold:   115        SH:  0    Dex: 16    Spells: 0/6 levels left
                                        Lives:  0   Deaths: 1

rFire    . . .     SeeInvis +     - Unarmed
rCold    . . .     Gourm    .   (shield unavailable)
rNeg     . . .     Faith    .   (armour unavailable)
rPois    .         Spirit   .   (helmet unavailable)
rElec    .         Reflect  .   (cloak unavailable)
rCorr    .         Harm     .   (gloves unavailable)
MR       .....                  (boots unavailable)
Stlth    ++........             (no amulet)
HPRegen  0.05/turn              d - ring of attention (curse)
MPRegen  0.10/turn              (no ring)

@: mighty, quick
A: very small, no armour, no weapons or thrown items, stealth, claws 1, fangs 3,
see invisible, carnivore, speed 1, shaggy fur 1, slow metabolism 1, sharp paws
a: no special abilities


You were on level 3 of the Dungeon.
You were full.

You visited 1 branch of the dungeon, and saw 3 of its levels.

You collected 115 gold pieces.

Inventory:

Jewellery
 d - a cursed ring of attention (left paw)
Scrolls
 c - 5 scrolls of identify
 f - a scroll of amnesia
 i - a scroll of magic mapping {unknown}
 k - a scroll of fog {unknown}
Potions
 a - a potion of flight
 h - a potion of cancellation {unknown}
Comestibles
 b - 4 rations


   Skills:
 + Level 0.9 Fighting
 + Level 3.1 Dodging
 + Level 4.5 Stealth
 + Level 1.5 Unarmed Combat
 + Level 2.2 Spellcasting
 * Level 5.5 Hexes
 + Level 1.1 Ice Magic


You couldn't memorise any spells.
You knew the following spells:

 Your Spells              Type           Power        Failure   Level  Hunger
a - Corona                Hex            ###....      1%          1    #......
b - Ensorcelled Hibernat  Hex/Ice        ##....       8%          2    ###....
c - Tukima's Dance        Hex            ###.....     6%          3    ###....

Your spell library contained the following spells:

 Spells                   Type           Power        Failure   Level  Hunger
 Confuse                  Hex            ###.....     6%          3    ###....
 Dazzling Spray           Conj/Hex       ##....       19%         3    ###....


Dungeon Overview and Level Annotations

Branches:
Dungeon (3/15)

Altars:
Nemelex Xobeh


Innate Abilities, Weirdness & Mutations

You cannot wear armour.
You are incapable of wielding weapons or throwing items.
Your paws allow you to move quietly. (Stealth)
You have sharp claws.
You have razor-sharp teeth.
You have supernaturally acute eyesight. (SInv)
You are carnivorous and can eat meat at any time.
You cover ground quickly.
You are covered in fur. (AC +1)
You have a slow metabolism.
Your sharp claws are effective at attacking unaware monsters.


Message History

The orc priest is heavily wounded.
The orc priest hits you. The orc barely misses you.
Casting: Ensorcelled Hibernation (safe; 8% risk of failure)
Confirm with . or Enter, or press ? or * to list all spells.
Aiming: Ensorcelled Hibernation (safe; 8% risk of failure)
Press: ? - help, Shift-Dir - straight line, f/p - orc priest
Aim: an orc priest, wearing a +0 scale mail (heavily wounded, not susceptible)
Okay, then.
Casting: Ensorcelled Hibernation (safe; 8% risk of failure)
Confirm with . or Enter, or press ? or * to list all spells.
Aiming: Tukima's Dance (safe; 6% risk of failure)
Press: ? - help, Shift-Dir - straight line, f - you, p - orc priest
Okay, then.
Okay, then.
It was a potion of might.
You feel very mighty all of a sudden.
The orc priest invokes the aid of Beogh against you.
Beogh smites you!
Ouch! That really hurt!
You die...

...........##.?..#
...........##.##.#...
...!.......##.<#.#..# #
...<.......###.#.#..# ..
...........# #)#.#..#.
..........?# #.......
...........####....######
..............#o.o.......
.....?.....[#.#.@.....#.#
........... #.#.........#
..........o##.##.#.##########
oo.....................#
......##.......#######.#
$.o.. #...#...#...<.).#
...............#.##....#
...............#.......# .g
....#..#....#########


You could see an orc priest and an orc.

Vanquished Creatures
  2 adders (D:2)
  An ooze (D:1)
  A dart slug (D:3)
  2 orcs (D:2)
  2 ball pythons (D:2)
  2 giant cockroaches
  6 goblins
  7 hobgoblins
  7 jackals
  A quokka (D:2)
  6 bats
  A frilled lizard (D:3)
  4 kobolds (D:1)
  6 rats
48 creatures vanquished.

Vanquished Creatures (others)
  3 dancing weapons
3 creatures vanquished.

Grand Total: 51 creatures vanquished

Notes
Turn   | Place    | Note
-------+----------+-------------------------------------------
     0 | D:1      | tatocazan the Felid Enchanter began the quest for the Orb.
     0 | D:1      | Reached XP level 1. HP: 7/7 MP: 4/4
   184 | D:1      | You fall through a shaft!
   211 | D:2      | Reached XP level 2. HP: 12/12 MP: 6/6
   215 | D:2      | Learned a level 2 spell: Ensorcelled Hibernation
   761 | D:1      | Reached skill level 5 in Hexes
  1160 | D:1      | Reached XP level 3. HP: 15/15 MP: 7/7
  2461 | D:2      | Learned a level 3 spell: Tukima's Dance
  2847 | D:2      | Reached skill level 1 in Ice Magic
  2847 | D:2      | Reached XP level 4. HP: 18/18 MP: 5/8
  3147 | D:3      | Found a sparkling altar of Nemelex Xobeh.
  3457 | D:3      | Killed from afar by an orc priest
  3458 | D:3      | Reached XP level 3. HP: -3/15 MP: 3/7
  3686 | D:3      | Killed from afar by an orc priest

Skill      XL: |  1  2  3 |
---------------+----------+-----
Hexes          | 5 |  5.5
Dodging        | 3 |  3.1
Ice Magic      | 1 |  1.1
Fighting       | |  0.9
Stealth        | |  4.5
Unarmed Combat | |  1.5
Spellcasting   | |  2.2

Action                   |  1- 3 |  4- 6 || total
-------------------------+-------+-------++-------
Melee: Unarmed           |   119 |    54 ||   173
       Bite              |    10 |     2 ||    12
       Punch             |     1 |     1 ||     2
 Cast: Corona            |     2 |     1 ||     3
       Ensorcelled Hiber |    16 |     7 ||    23
       Tukima's Dance    |     1 |     3 ||     4
  Use: Scroll            |     2 |       ||     2
       Potion            |     3 |       ||     3
 Stab: Sleeping          |    18 |     3 ||    21
  Eat: Chunk             |    14 |     2 ||    16
Armor: Skin              |    12 |     2 ||    14
Dodge: Dodged            |   124 |    44 ||   168
